AoeStats
← So sad

Pilgrims

507111474Analyzed
3v3 RM · 15d ago on Sep 16, 2026· 46m 27s· 6 players
Game mode
Random Map
Map size
Normal (6 player)
Population
200
Speed
Normal
Resources
Standard
Victory
Conquest
Starting age
Dark Age
Ending age
Imperial Age
RankedLock teamsTeams togetherTeam positionsShared explorationLock speedFull tech treeHidden civsTurbo modeCheats
Victory
Defeat
🇧🇾 Romans · Belarus
1380
+13
🇺🇦 Celts · Ukraine
1380
+13
🇧🇾 Bulgarians · Belarus
1345
+15
🇧🇪 Tupi · Belgium
1335
-14
🇧🇪 Japanese · Belgium
1335
-14
🇧🇪 Bengalis · Belgium
1303
-13
So sad
4:06 Loom
13:31 Feudal Age
15:37 Arson
15:47 Fishing Lines
16:14 Town Watch
16:42 Scale Mail Armor
17:32 Double-Bit Axe
21:03 Castle Age
20:51 Stone Mining
21:25 Fletching
22:19 Bodkin Arrow
26:43 Forging
31:32 Wheelbarrow
32:14 Horse Collar
32:41 Scale Barding Armor
35:54 Bow Saw
36:12 Gold Mining
36:36 Heavy Plow
37:33 Husbandry
37:44 Bloodlines
38:53 Masonry
43:03 Imperial Age
41:29 Gold Shaft Mining
42:41 Hand Cart
42:28 Town Patrol
43:12 Stirrups
44:14 Conscription
44:50 Crop Rotation
44:11 Capped Ram
45:55 Iron Casting
44:51 Light Cavalry
NiL
6:31 Loom
6:43 Loom
10:07 Feudal Age
10:12 Man-at-Arms
12:16 Arson
12:45 Gold Mining
13:09 Scale Mail Armor
13:19 Forging
15:40 Fishing Lines
19:35 Double-Bit Axe
22:46 Castle Age
21:56 Horse Collar
22:44 Stone Mining
22:58 Long Swordsman
23:57 Gambesons
24:40 Chain Mail Armor
26:21 Wheelbarrow
28:37 Iron Casting
27:54 Fletching
31:43 Hand Cart
34:41 Imperial Age
34:24 Hand Cart
35:02 Two-Handed Swordsman
36:33 Champion
39:44 Plate Mail Armor
41:56 Blast Furnace
41:20 Bodkin Arrow
45:06 Onager
47:07 Stone Shaft Mining
47:08 Gold Shaft Mining
HURMA
9:06 Loom
11:29 Feudal Age
11:55 Fishing Lines
11:38 Man-at-Arms
12:38 Scale Mail Armor
12:52 Forging
18:53 Castle Age
18:26 Fletching
19:30 Gillnets
19:50 Medium Warships
19:07 Long Swordsman
20:09 Chain Mail Armor
20:40 Horse Collar
21:08 Double-Bit Axe
23:44 Bow Saw
28:53 Iron Casting
30:35 Wheelbarrow
30:39 Gold Mining
30:39 Stone Mining
31:17 Heavy Plow
33:00 Caravan
33:32 Coinage
33:00 Bodkin Arrow
34:08 Hand Cart
34:52 Town Watch
39:03 Imperial Age
37:08 Padded Archer Armor
37:25 Squires
38:13 Gold Shaft Mining
39:03 Legionary
41:16 Blast Furnace
41:07 Heavy Warships
40:39 Capped Ram
42:04 Siege Ram
42:55 Siege Engineers
44:45 Crop Rotation
46:15 Clinker Construction
46:26 Ballistics
47:07 Chemistry
46:19 Careening
Matthis
6:06 Loom
10:37 Feudal Age
11:16 Town Watch
18:14 Wheelbarrow
21:28 Horse Collar
21:33 Double-Bit Axe
21:39 Gold Mining
27:04 Castle Age
31:31 Sanctity
33:16 Fishing Lines
39:38 Fletching
40:38 Bodkin Arrow
43:17 Devotion
46:04 Scale Mail Armor
Sky
6:17 Loom
13:16 Feudal Age
16:36 Wheelbarrow
18:37 Castle Age
17:39 Wheelbarrow
17:19 Fishing Lines
25:00 Hand Cart
25:01 Gold Mining
31:32 Double-Bit Axe
33:29 Gillnets
35:44 Sanctity
37:00 Gold Shaft Mining
36:43 Fletching
37:16 Hand Cart
40:40 Imperial Age
41:11 Padded Archer Armor
43:09 Bloodlines
43:00 Husbandry
44:20 Bodkin Arrow
44:41 Leather Archer Armor
Pizzaboy4you44
5:14 Loom
11:05 Feudal Age
17:28 Double-Bit Axe
23:56 Castle Age
25:01 Medium Warships
24:14 Demolition Ship
27:38 Gold Mining
32:17 Scale Mail Armor
32:28 Forging
36:39 Bow Saw
37:06 Chain Mail Armor
42:05 Iron Casting
Connection lost

Rejoining the realm…

Still unreachable

The connection could not be restored.

Session expired

The server has moved on; the page needs a fresh start.